 Dungeon Crawl Stone Soup version 0.28.0-45-g0d030f2227 (webtiles) character file.

Game seed: 18357612523358465358

236 Fartwhistle the Chiller (level 6, 0/39 (41) HPs)
             Began as a Merfolk Ice Elementalist on Apr 17, 2022.
             Slain by a wyvern zombie (1 damage)
             ... animated by the malice of Kikubaaqudgha
             ... on level 2 of the Dungeon.
             The game lasted 00:13:28 (4422 turns).

Fartwhistle the Chiller (Merfolk Ice Elementalist)  Turns: 4422, Time: 00:13:30

HP:   0/39 (41)     AC: 13    Str:  8    XL:     6   Next: 6%
MP:   9/11          EV: 12    Int: 17    God:
Gold: 171           SH:  0    Dex: 14    Spells: 8/12 levels left

rFire   . . .      SeeInvis .   m - +2 mace (drain)
rCold   . . .      Faith    .   (no shield)
rNeg    . . .      Spirit   .   c - +0 leather armour
rPois   .          Reflect  .   h - +2 helmet
rElec   .          Harm     .   (no cloak)
rCorr   .          Rampage  .   b - +1 pair of gloves
Will    .....                   (no boots)
Stlth   ++........              (no amulet)
HPRegen 0.13/turn               (no ring)
MPRegen 0.12/turn               (no ring)

@: ice-armoured, about to teleport, lightly drained
A: (nimble swimmer 2), mertail
a: no special abilities


You were on level 2 of the Dungeon.
You visited 1 branch of the dungeon, and saw 3 of its levels.

You collected 171 gold pieces.

Inventory:

Hand Weapons
 m - a +2 mace of draining (weapon)
Armour
 b - a +1 pair of gloves (worn)
 c - a +0 leather armour (worn)
 h - a +2 helmet (worn)
Jewellery
 i - an amulet of the acrobat
Scrolls
 a - a scroll of teleportation
 f - a scroll of magic mapping
 g - a scroll of identify {unknown}
 l - a scroll of noise {unknown}
Potions
 d - a potion of haste {unknown}
 j - a potion of attraction {unknown}
 k - a potion of curing {unknown}


   Skills:
 + Level 2.0 Armour
 - Level 2.6 Dodging
 - Level 2.1 Stealth
 + Level 3.7 Spellcasting
 + Level 5.8 Ice Magic


You had 8 spell levels left.
You knew the following spells:

 Your Spells              Type           Power      Damage    Failure   Level
a - Freeze                Ice            92%        1d10      1%          1
b - Ozocubu's Armour      Ice            23%        N/A       6%          3

Your spell library contained the following spells:

 Spells                   Type           Power      Damage    Failure   Level
 Frozen Ramparts          Ice            46%        1d6       6%          3
 Animate Skeleton         Necr           6%         N/A       22%         1
 Pain                     Necr           12%        1d4       22%         1
 Blink                    Tloc           6%         N/A       34%         2
 Static Discharge         Conj/Air       3%         N/A       34%         2
 Sublimation of Blood     Necr           3%         N/A       34%         2
 Lesser Beckoning         Tloc           3%         N/A       56%         3
 Vampiric Draining        Necr           3%         2d6       56%         3
 Hailstorm                Conj/Ice       13%        3d5       56%         4
 Dispel Undead            Necr           3%         3d7       92%         4
 Sticky Flame             Conj/Fire      3%         2d3       92%         4
 Blade Hands              Tmut           1%         N/A       99%         5
 Irradiate                Conj/Tmut      1%         3d14      99%         5
 Manifold Assault         Tloc           3%         N/A       99%         5
 Dragon Form              Tmut           1%         N/A       100%        7


Dungeon Overview and Level Annotations

Branches:
Dungeon (3/15)

Altars:
Kikubaaqudgha


Innate Abilities, Weirdness & Mutations

((You are very nimble when in or above water. (Stealth+, EV+, Speed+++)))
Your lower body shifts to a powerful aquatic tail in water.


Message History

You barely miss the wyvern zombie.
The wyvern zombie is lightly damaged.
The wyvern zombie bites you but does no damage.
The giant cockroach zombie bites you but does no damage.
The wyvern zombie bites you!
The acid dragon zombie bites you but does no damage.
The acid dragon zombie barely misses you.
The giant cockroach zombie bites you but does no damage.
You hit the wyvern zombie.
The wyvern zombie is moderately damaged.
The wyvern zombie bites you!
* * * LOW HITPOINT WARNING * * *
The giant cockroach zombie barely misses you.
The wyvern zombie misses you.
The acid dragon zombie bites you but does no damage.
The acid dragon zombie claws you but does no damage.
You hit the wyvern zombie but do no damage.
The wyvern zombie is moderately damaged.
The wyvern zombie bites you but does no damage.
The giant cockroach zombie bites you.
* * * LOW HITPOINT WARNING * * *
The acid dragon zombie barely misses you.
The acid dragon zombie claws you but does no damage.
The wyvern zombie closely misses you.
The giant cockroach zombie barely misses you.
You hit the wyvern zombie.
The wyvern zombie is moderately damaged.
The wyvern zombie closely misses you.
The acid dragon zombie bites you but does no damage.
The acid dragon zombie barely misses you.
The giant cockroach zombie barely misses you.
The wyvern zombie completely misses you.
As you read the scroll of teleportation, it crumbles to dust.
You feel strangely unstable.
The giant cockroach zombie bites you but does no damage.
The acid dragon zombie bites you!
* * * LOW HITPOINT WARNING * * *
The acid dragon zombie claws you but does no damage.
The wyvern zombie bites you.
You die...

.....## ##._.##
#.......#.#####
#.....###.....#######...##.#
#..##..#...#...#.# ##.†...#
#.###.....###....# ##.####
#.# ###..## ##..## #.# #.##
##..###÷.## #.# ...#
#####<### #.# ..##
###.###### #.# .##
#.....Z@Z# #.# .######
#....###Z#####.# ......#
#..)...........#
..###.####.....##.#######
..# #..........##.#
..###.####.######.# #.....#
#........# #######
##########


You could see a wyvern zombie, an acid dragon zombie and a giant cockroach
zombie.

Vanquished Creatures
  An orc priest (D:3)
  Natasha (thrice) (D:2)
  5 adders
  A shadow imp (D:3)
  A worm (D:2)
  A dart slug (D:2)
  3 orcs (D:3)
  6 bats
  4 endoplasms
  3 giant cockroaches
  5 goblins
  4 hobgoblins
  4 jackals (D:2)
  8 kobolds
  4 quokkas
  6 ball pythons
  4 frilled lizards
  10 rats
73 creatures vanquished.

Vanquished Creatures (others)
  A frilled lizard zombie (D:2)
  11 plants (D:2)
12 creatures vanquished.

Grand Total: 85 creatures vanquished

Notes
Turn   | Place    | Note
-------+----------+-------------------------------------------
     0 | D:1      | Fartwhistle the Merfolk Ice Elementalist began the quest
                  | for the Orb.
     0 | D:1      | Reached XP level 1. HP: 13/13 MP: 3/3
   334 | D:1      | Reached XP level 2. HP: 19/19 MP: 1/5
  1275 | D:2      | Reached XP level 3. HP: 22/24 MP: 1/6
  1534 | D:2      | Noticed Natasha
  1538 | D:2      | Killed Natasha
  1539 | D:2      | Reached skill level 5 in Ice Magic
  1625 | D:2      | Found a faded altar of an unknown god.
  1665 | D:2      | Reached XP level 4. HP: 27/30 MP: 6/8
  1676 | D:2      | Prayed at the altar of an unknown god.
  1676 | D:2      | Became a worshipper of Kikubaaqudgha
  1676 | D:2      | Reached * piety under Kikubaaqudgha
  1676 | D:2      | Received a gift from Kikubaaqudgha
  1773 | D:2      | Noticed Natasha
  1784 | D:2      | Killed Natasha
  1785 | D:2      | Reached skill level 1 in Armour
  2100 | D:2      | Learned a level 3 spell: Ozocubu's Armour
  2414 | D:2      | Noticed Natasha
  2426 | D:2      | Killed Natasha
  2427 | D:2      | Reached XP level 5. HP: 10/35 MP: 2/10
  3366 | D:3      | Reached ** piety under Kikubaaqudgha
  3414 | D:3      | Fell from the grace of Kikubaaqudgha
  3748 | D:3      | Reached XP level 6. HP: 26/41 MP: 3/11
  4422 | D:2      | HP: 1/39 [acid dragon zombie[the malice of Kikubaaqudgha]
                  | (8)]
  4422 | D:2      | Slain by a wyvern zombie

Illustrated notes

Levels and vault maps discovered:
D:1:      mrwooster_arrival_arrow, layout_basic
D:2:      layout_loops_corners, nicolae_ecumenical_snake_handling,
          lexackson_kobold_supper, uniq_natasha
D:3:      layout_rooms, zin_academy, minmay_misc_feat_plants

Skill      XL: |  1  2  3  4  5  6 |
---------------+-------------------+-----
Ice Magic      | 5 |  5.8
Armour         | 1 2 |  2.0
Spellcasting   | 3 |  3.7
Dodging        | |  2.6
Stealth        | |  2.1

Action                   |  1- 3 |  4- 6 || total
-------------------------+-------+-------++-------
Melee: Unarmed           |     1 |       ||     1
       Whip              |    31 |   138 ||   169
       Punch             |     2 |     4 ||     6
       Mace              |       |     8 ||     8
 Cast: Freeze            |    41 |    53 ||    94
       Ozocubu's Armour  |       |     7 ||     7
Invok: Renounce Religion |       |     1 ||     1
  Use: Scroll            |       |     3 ||     3
 Stab: Sleeping          |     3 |     4 ||     7
Armor: Leather armour    |    27 |   110 ||   137
Dodge: Dodged            |    48 |   129 ||   177
